 Dungeon Crawl Stone Soup version 0.26-a0-471-g8fb39a4 (webtiles) character file.

Game seed: 5965433239953801411

11839 Illumine the Frost Mage (level 11, 0/68 HPs)
             Began as a Gargoyle Ice Elementalist on July 30, 2020.
             Was a Priest of Vehumet.
             Slain by a polar bear (2 damage)
             ... on level 2 of the Lair of Beasts.
             The game lasted 00:34:50 (14281 turns).

Illumine the Frost Mage (GrIE)                     Turns: 14281, Time: 00:34:52

Health: 0/68       AC: 16    Str: 12    XL:     11   Next: 84%
Magic:  6/31       EV: 13    Int: 22    God:    Vehumet [***...]
Gold:   760        SH:  0    Dex: 10    Spells: 7/25 levels left

rFire    . . .     SeeInvis .   a - +0 morningstar
rCold    . . .     Faith    .   (no shield)
rNeg     + . .     Spirit   .   u - +2 robe {MR+}
rPois    ∞         Reflect  .   L - +0 helmet of Defence {Int+3} (curse)
rElec    +         Harm     .   J - +0 cloak
rCorr    .                      R - +0 pair of gloves
MR       +....                  (no boots)
Stlth    ++........             (no amulet)
HPRegen  0.21/turn              C - ring of magical power
MPRegen  0.22/turn              K - ring of wizardry

@: frozen ramparts
A: negative energy resistance 1, electricity resistance, unbreathing,
petrification resistance, rot immunity, AC +8
a: Renounce Religion


You were on level 2 of the Lair of Beasts.
You worshipped Vehumet.
Vehumet was most pleased with you.
You visited 2 branches of the dungeon, and saw 12 of its levels.
You also visited: Sewer and Bailey.

You collected 760 gold pieces.

Inventory:

Hand Weapons
 a - a +0 morningstar (weapon)
 b - a +0 hunting sling
 v - a +0 mace of holy wrath
Missiles
 e - 307 stones (quivered)
 n - 81 sling bullets
Armour
 u - a +2 robe of magic resistance (worn)
 G - a +0 troll leather armour
 J - a +0 cloak (worn)
 L - the cursed +0 helmet of Defence (worn) {Int+3}
   (You found it in a bailey)

   It affects your intelligence (+3).
   It has a curse placed upon it.
 M - +0 gold dragon scales
 R - a +0 pair of gloves (worn)
Magical Staves
 H - an uncursed staff of conjuration
Jewellery
 d - an uncursed amulet of regeneration {unknown}
 g - a +6 ring of dexterity
 s - a +6 ring of intelligence
 C - a ring of magical power (left hand)
 F - a +6 ring of intelligence
 K - a ring of wizardry (right hand)
Wands
 y - a wand of disintegration (17)
 A - a wand of flame (24)
Scrolls
 i - 7 scrolls of teleportation
 l - 11 scrolls of remove curse
 w - a scroll of fear
 x - a scroll of immolation {unknown}
 B - 8 scrolls of identify
 E - a scroll of amnesia
 I - 2 scrolls of fog {unknown}
Potions
 c - 2 potions of magic
 f - a potion of heal wounds {unknown}
 h - 4 potions of might
 j - a potion of degeneration {unknown}
 k - 3 potions of mutation
 m - 5 potions of flight
 o - 2 potions of haste {unknown}
 p - 3 potions of invisibility
 q - a potion of ambrosia {unknown}
 r - 8 potions of curing {unknown}
 t - a potion of brilliance {unknown}
 z - 3 potions of resistance
 D - a potion of stabbing {unknown}
 N - a potion of cancellation {unknown}
 P - a potion of lignification {unknown}
Miscellaneous
 O - a tin of tremorstones (3/3)
 Q - a lightning rod (4/4)


   Skills:
 + Level 8.3 Fighting
 + Level 4.4 Maces & Flails
 + Level 6.2 Armour
 - Level 4.2 Dodging
 - Level 2.2 Stealth
 + Level 7.6 Spellcasting
 + Level 6.7 Conjurations
 - Level 6.0 Summonings
 + Level 8.6 Ice Magic
 + Level 1.3 Evocations


You had 7 spell levels left.
You knew the following spells:

 Your Spells              Type           Power        Failure   Level
a - Freeze                Ice            ####         1%          1
b - Frozen Ramparts       Ice            #####.       1%          3
c - Ozocubu's Armour      Ice            #####...     1%          3
d - Summon Ice Beast      Ice/Summ       #####...     1%          4
e - Hailstorm             Conj/Ice       #####...     1%          4
f - Gell's Gravitas       Tloc           #.........   9%          3

Your spell library contained the following spells:

 Spells                   Type           Power        Failure   Level
 Conjure Flame            Conj/Fire      ###.....     1%          3
 Magic Dart               Conj           ####         1%          1
 Ensorcelled Hibernation  Hex/Ice        ####..       1%          2
 Searing Ray              Conj           #####.       1%          2
 Dazzling Flash           Conj/Hex       ###...       1%          3
 Fulminant Prism          Conj/Hex       ###.......   2%          4
 Iskenderun's Mystic Bla  Conj/Tloc      ###.....     2%          4
 Corona                   Hex            #......      3%          1
 Confusing Touch          Hex            #.......     9%          3
 Tukima's Dance           Hex            #.......     9%          3
 Metabolic Englaciation   Hex/Ice        ####......   16%         5
 Yara's Violent Unravell  Hex/Tmut       #.........   22%         5
 Petrify                  Tmut/Erth      #.......     28%         4


Dungeon Overview and Level Annotations

Branches:
Dungeon (9/15)             Temple (0/1) D:6            Lair (3/6) D:9
 Shoals (0/4) Lair:2       Spider (0/4) Lair:2        Sewer (visited)
 Bailey (visited)
    Orc: D:9-12

Altars:
Ashenzari
Cheibriados
Elyvilon
Fedhas
Gozag
Hepliaklqana
Nemelex Xobeh
Okawaru
Qazlal
Sif Muna
Trog
Uskayaw
Vehumet
Wu Jian
Zin

Annotations:
D:7 Dowan, Duvessa, Joseph, Maggie


Innate Abilities, Weirdness & Mutations

You are resistant to torment.
Your stone body is resilient. (AC +8)
You are immune to poison.
You resist negative energy. (rN+)
You are resistant to electric shocks. (rElec)
You can survive without breathing.
You are immune to petrification.
You are immune to rotting.


Message History

Your ice beast hits the polar bear but does no damage.
Your ice beast hits the polar bear.
Your ice beast freezes the polar bear.
The polar bear resists.
Unknown command.
Okay, then.
Okay, then.
Okay, then.
The polar bear closely misses you. The polar bear barely misses you.
The polar bear claws you but does no damage.
Casting: Freeze (safe; 1% risk of failure)
Confirm with . or Enter, or press ? or * to list all spells.
Okay, then.
Casting: Freeze (safe; 1% risk of failure)
Confirm with . or Enter, or press ? or * to list all spells.
The walls around you are covered in ice.
The polar bear resists.
The wall freezes the polar bear.
The polar bear bites you but does no damage.
The polar bear claws you but does no damage.
The polar bear claws you.
You die...

#......... ######.........
#.....#......^. ##..............
##...............
##................
#P................
#.................
#@................
##h................ ####
##YY................
####.P######...[......##.......
#.....................##.......
#....####..#>.........##.......
#.#### ###....................
#.##.#####.#................#.#
##.#.#.#.#.#.#.................#


You could see a polar bear (berserk) and 2 friendly ice beasts.

Vanquished Creatures
  A hydra (Lair:1)
  A catoblepas (Lair:2)
  3 orc knights (Bailey)
  A black mamba (Lair:1)
  2 komodo dragons (Lair:2)
  A cane toad (Lair:2)
  A rime drake (Lair:1)
  A troll (D:7)
  A hippogriff (Lair:1)
  12 yaks
  4 water moccasins
  3 porcupines
  4 orc warriors
  A sky beast (D:8)
  A necrophage (D:8)
  6 ogres
  6 centaurs
  4 crocodiles
  A big kobold (Sewer)
  7 bullfrogs
  8 scorpions
  A killer bee (D:9)
  A quasit (D:8)
  3 howler monkeys (D:8)
  A jelly (D:6)
  5 hounds
  4 orc priests
  A bullfrog skeleton (D:5)
  An iguana (D:8)
  3 orc wizards
  7 worker ants
  An ogre zombie (D:4)
  2 hound skeletons
  5 gnolls
  An orc zombie (D:4)
  8 adders
  2 river rats (Sewer)
  3 shadow imps
  An ooze (D:4)
  3 adder skeletons
  5 worms
  5 dart slugs
  3 leopard geckos
  23 orcs
  A ball python (D:3)
  7 bats
  5 giant cockroaches
  6 goblins
  7 hobgoblins
  13 jackals
  6 quokkas
  8 frilled lizards
  6 kobolds
  10 rats
227 creatures vanquished.

Vanquished Creatures (collateral kills)
  2 hydras (Lair:2)
  A hippogriff (Lair:2)
  3 orc warriors (Bailey)
  A centaur (Lair:2)
  13 orcs (Bailey)
20 creatures vanquished.

Vanquished Creatures (others)
  A plant (Lair:3)
1 creature vanquished.

Grand Total: 248 creatures vanquished

Notes
Turn   | Place    | Note
-------+----------+-------------------------------------------
     0 | D:1      | Illumine the Gargoyle Ice Elementalist began the quest for
                  | the Orb.
     0 | D:1      | Reached XP level 1. HP: 10/10 MP: 3/3
   154 | D:1      | Reached XP level 2. HP: 16/16 MP: 1/5
  1125 | D:2      | Reached XP level 3. HP: 20/20 MP: 4/6
  1129 | D:2      | Reached skill level 1 in Fighting
  1194 | D:2      | Learned a level 3 spell: Frozen Ramparts
  1909 | D:2      | Reached XP level 4. HP: 25/25 MP: 5/8
  1950 | D:2      | Found a blossoming altar of Fedhas.
  2109 | D:2      | Found a faded altar of an unknown god.
  2334 | D:3      | Learned a level 3 spell: Ozocubu's Armour
  2728 | D:3      | Found a sparkling altar of Nemelex Xobeh.
  2867 | D:3      | Found a glowing drain.
  2872 | D:3      | Reached XP level 5. HP: 30/30 MP: 6/9
  2878 | Sewer    | Entered a sewer
  3006 | Sewer    | Noticed a big kobold
  3028 | Sewer    | Killed a big kobold
  3159 | Sewer    | Found a white marble altar of Elyvilon.
  3415 | D:3      | Found a snail-covered altar of Cheibriados.
  3499 | D:3      | Reached XP level 6. HP: 36/36 MP: 8/11
  3611 | D:3      | Found a bloodstained altar of Trog.
  3717 | D:4      | Found a transporter.
  3739 | D:4      | Found an iron altar of Okawaru.
  3956 | D:4      | Learned a level 4 spell: Summon Ice Beast
  4051 | D:4      | Found a transporter.
  4098 | D:4      | Found a white marble altar of Elyvilon.
  4102 | D:4      | Reached skill level 1 in Maces & Flails
  4152 | D:4      | Reached skill level 5 in Ice Magic
  4160 | D:4      | Reached XP level 7. HP: 5/41 MP: 5/13
  4573 | D:4      | Reached skill level 1 in Summonings
  5101 | D:5      | Entered Level 5 of the Dungeon
  5316 | D:5      | Found a radiant altar of Vehumet.
  5394 | D:5      | Found a hide-covered altar of Uskayaw.
  5489 | D:5      | Became a worshipper of Vehumet
  5907 | D:5      | Reached XP level 8. HP: 48/48 MP: 9/14
  6089 | D:6      | Found a staircase to the Ecumenical Temple.
  6146 | D:6      | Found a shimmering blue altar of Sif Muna.
  6331 | D:6      | Found an opulent altar of Gozag.
  7217 | D:6      | Found a hazy altar of Hepliaklqana.
  7339 | D:7      | Noticed a troll
  7556 | D:7      | Found a stormy altar of Qazlal.
  7634 | D:7      | Learned a level 4 spell: Hailstorm
  7653 | D:7      | Reached skill level 5 in Spellcasting
  7667 | D:7      | Killed a troll
  7667 | D:7      | Reached skill level 1 in Conjurations
  7670 | D:7      | Reached XP level 9. HP: 14/53 MP: 0/16
  7825 | D:7      | Noticed Joseph
  8082 | D:7      | Noticed Dowan
  8087 | D:7      | Noticed Duvessa
  8225 | D:7      | Noticed Maggie
  8368 | D:4      | Reached skill level 5 in Fighting
  8406 | D:4      | Reached * piety under Vehumet
  8406 | D:4      | Offered knowledge of Sandblast by Vehumet.
  8776 | D:8      | Found a shattered altar of Ashenzari.
  8777 | D:8      | Found an ornate altar of the Wu Jian Council.
  9148 | D:8      | Reached skill level 1 in Armour
  9180 | D:8      | Upgraded the game from 0.26-a0-470-g4b749af to
                  | 0.26-a0-471-g8fb39a4
  9922 | D:9      | Found a glowing silver altar of Zin.
  9966 | D:9      | Found a flagged portal.
  9987 | Bailey   | Entered a bailey
 10175 | Bailey   | Noticed an orc knight
 10212 | Bailey   | Noticed an orc knight
 10356 | Bailey   | Noticed an orc knight
 10362 | Bailey   | Learned a level 3 spell: Gell's Gravitas
 10403 | Bailey   | Killed an orc knight
 10735 | Bailey   | Killed an orc knight
 10735 | Bailey   | Reached XP level 10. HP: 60/60 MP: 2/19
 10773 | Bailey   | Killed an orc knight
 10773 | Bailey   | Offered knowledge of Shock by Vehumet.
 10894 | Bailey   | Got an ichor-stained helmet
 10900 | Bailey   | Identified the cursed +0 helmet of Defence {Int+3} (You
                  | found it in a bailey)
 10925 | Bailey   | Reached ** piety under Vehumet
 11435 | D:9      | Found a staircase to the Lair.
 11509 | Lair:1   | Entered Level 1 of the Lair of Beasts
 11553 | Lair:1   | Reached skill level 5 in Summonings
 11590 | Lair:1   | Noticed a five-headed hydra
 11621 | Lair:1   | Killed a five-headed hydra
 11621 | Lair:1   | Reached skill level 5 in Conjurations
 11993 | Lair:1   | Noticed a black mamba
 12000 | Lair:1   | Killed a black mamba
 12000 | Lair:1   | Reached XP level 11. HP: 53/67 MP: 21/21
 12715 | Lair:2   | Found a staircase to the Shoals.
 12727 | Lair:1   | Reached skill level 5 in Armour
 12940 | Lair:2   | Noticed an eight-headed hydra
 12951 | Lair:2   | Killed an eight-headed hydra
 13099 | Lair:2   | Found a hole to the Spider Nest.
 13108 | Lair:2   | Offered knowledge of Conjure Flame by Vehumet.
 13151 | Lair:2   | Reached *** piety under Vehumet
 13345 | Lair:2   | Noticed a four-headed hydra
 13355 | Lair:2   | Killed a four-headed hydra
 13701 | Lair:3   | Noticed a catoblepas
 13970 | Lair:2   | Killed a catoblepas
 13970 | Lair:2   | Reached skill level 1 in Evocations
 14278 | Lair:2   | HP: 1/68 [polar bear (3)]
 14281 | Lair:2   | Slain by a polar bear

Illustrated notes

Levels and vault maps discovered:
D:1:      wander_arrival_chamber, layout_rooms
D:2:      layout_basic, fedhas_altar_1, chequers_ecumenical_altar_island,
          item_on_display_a
D:3:      layout_loops_corners, lemuel_round_altar,
          nemelex_xobeh_ov_fountains_minmay, nicolae_overflow_hidden_temple,
          portal_sewer_entry_d
D:4:      gammafunk_cloud_chamber, layout_loops_cross, elyvilon_altar_5,
          okawaru_trees_2, minmay_crystal_room
D:5:      layout_loops_ring, eat_drink_and_be_merry_uskayaw, lemuel_tele_altar
D:6:      layout_layer_cave, grunt_gozag_statues, led_sif_pool,
          lemuel_round_altar, minmay_temple_entry_mini_moons
D:7:      layout_rooms, nicolae_qazlal_general_emergency,
          kennysheep_nondescript, dk_rats_in_the_wall, uniq_duvessa,
          uniq_joseph, uniq_maggie
D:8:      layout_layer_cave, chequers_temple_overflow_statue_of_worship
D:9:      layout_gridville, grunt_lair_entry_orc_guard_hut, basic_altar,
          lightli_bailey_entry_fortress
Lair:1:   layout_regular_city, lemuel_fruit_tree
Lair:2:   layout_cave_shapes, minmay_shoals_entry_centaurs,
          nicolae_spider_entry_non_spiders, st_stairs_11
Lair:3:   layout_small_grid, cheibrodos_lair_lostbears

Skill      XL: |  1  2  3  4  5  6  7  8  9 10 11 |
---------------+----------------------------------+-----
Fighting       | 1 2 3 4 6 7 8 |  8.3
Dodging        | 2 3 4 |  4.2
Spellcasting   | 3 4 5 6 7 |  7.6
Maces & Flails | 1 2 3 4 |  4.4
Ice Magic      | 5 6 7 8 |  8.6
Summonings     | 2 3 4 5 6 |  6.0
Conjurations   | 1 4 5 6 |  6.7
Armour         | 3 4 6 |  6.2
Evocations     | 1 |  1.3
Stealth        | |  2.2

Action                   |  1- 3 |  4- 6 |  7- 9 | 10-12 || total
-------------------------+-------+-------+-------+-------++-------
Melee: Club              |     9 |       |       |       ||     9
       Unarmed           |     1 |       |       |       ||     1
       Mace              |       |    30 |    94 |       ||   124
       Morningstar       |       |       |    35 |    70 ||   105
 Fire: Hunting sling     |    11 |    18 |    30 |    31 ||    90
 Cast: Freeze            |    64 |    50 |    43 |    28 ||   185
       Frozen Ramparts   |       |    10 |    31 |    43 ||    84
       Ozocubu's Armour  |       |       |     4 |     1 ||     5
       Summon Ice Beast  |       |       |    21 |    22 ||    43
       Hailstorm         |       |       |    10 |     2 ||    12
       Gell's Gravitas   |       |       |     5 |       ||     5
  Use: Scroll            |     6 |       |     6 |       ||    12
 Stab: Sleeping          |       |     1 |     1 |       ||     2
Armor: Robe              |    21 |    21 |    84 |    88 ||   214
       Troll leather arm |       |       |     4 |       ||     4
Dodge: Dodged            |    35 |    42 |   185 |    98 ||   360

Table legend: (Time is in decaauts)
 A = Elapsed time spent in this place.
 B = Non-inter-level travel time spent in this place.
 C = Inter-level travel time spent in this place.
 D = Time resting spent in this place.
 E = Time spent auto-exploring this place.
 F = Levels seen in this place.
 G = Mean time per level.
                   A        B        C        D        E       F      G
               +--------+--------+--------+--------+--------+-----+--------+
         Total |  14395 |  13628 |    767 |   3370 |   7180 |  14 | 1028.2 |
       Dungeon |  10186 |   9551 |    635 |   1842 |   5726 |   9 | 1131.8 |
          Lair |   2790 |   2658 |    132 |   1016 |   1196 |   3 |  930.0 |
         Sewer |    367 |    367 |      0 |     94 |    175 |   1 |  367.0 |
        Bailey |   1051 |   1051 |      0 |    418 |     83 |   1 | 1051.0 |
               +--------+--------+--------+--------+--------+-----+--------+

Top non-repeatable levels by time:
     D:6: 1883 daAuts
     D:4: 1531 daAuts
  Lair:2: 1473 daAuts
     D:8: 1360 daAuts
  Lair:1: 1239 daAuts
     D:2: 1189 daAuts
     D:1: 1112 daAuts
     D:3: 1100 daAuts
  Bailey: 1051 daAuts
     D:5: 992 daAuts
     D:9: 544 daAuts
     D:7: 470 daAuts
   Sewer: 367 daAuts
  Lair:3: 78 daAuts
